 Dungeon Crawl Stone Soup version 0.30.1 (webtiles) character file.

Game seed: 16609264877166945534

214 Peloso the Covered (level 5, 17/47 HPs)
             Began as a Minotaur Fighter on July 4, 2023.
             Got out of the dungeon alive.
             The game lasted 00:05:24 (1988 turns).

Peloso the Covered (Minotaur Fighter)               Turns: 1988, Time: 00:05:25

Health: 17/47      AC:  7    Str: 20    XL:     5   Next: 59%
Magic:  4/4        EV: 10    Int:  4    God:
Gold:   138        SH:  5    Dex: 15    Spells: 4/4 levels left

rFire   . . .        a - +0 long sword
rCold   . . .        c - +0 buckler
rNeg    . . .        b - +0 scale mail
rPois   .            (helmet restricted)
rElec   .            (no cloak)
rCorr   .            (no gloves)
SInv    .            (no boots)
Will    .....        (no amulet) Stlth
                     (no ring)
HPRegen 0.27/turn    (no ring)
MPRegen 0.09/turn

%: no passive effects
@: no status effects
A: horns 2, retaliatory headbutt, fangs 1, agile 1, deterioration 1
a: no special abilities


You escaped.
You visited 1 branch of the dungeon, and saw 3 of its levels.

You collected 138 gold pieces.

Inventory:

Hand Weapons
 a - a +0 long sword (weapon)
Armour
 b - a +0 scale mail (worn)
 c - a +0 buckler (worn)
Scrolls
 e - a scroll of teleportation
 i - a scroll of enchant armour {unknown}
 j - a scroll of torment {unknown}
 k - 2 scrolls of noise {unknown}
 m - a scroll of fear {unknown}
Potions
 d - a potion of might
 h - a potion of brilliance
 l - 2 potions of invisibility


   Skills:
 + Level 4.4 Fighting
 + Level 4.2 Long Blades
 + Level 5.0 Armour
 + Level 1.6 Dodging
 + Level 0.2 Stealth
 + Level 4.6 Shields


You had 4 spell levels left.
You didn't know any spells.
Your spell library contained the following spells:

 Spells                   Type           Power      Damage    Failure   Level
 Summon Small Mammal      Summ           0%         N/A       88%         1
 Call Canine Familiar     Summ           0%         N/A       99%         3
 Summon Guardian Golem    Hex/Summ       0%         N/A       99%         3


Dungeon Overview and Level Annotations

Branches:
Dungeon (3/15)

Altars:


Innate Abilities, Weirdness & Mutations

You have a pair of horns on your head.
You reflexively headbutt those who attack you in melee.
You have very sharp teeth.
You are agile. (Dex +4, Str/Int -1)
Your body sometimes deteriorates upon taking damage.


Message History

Unknown command.
You hit the dart slug.
You kill the dart slug!
* * * LOW HITPOINT WARNING * * *
You feel sick.
Unknown command.
* * * LOW HITPOINT WARNING * * *
You feel sick.
Unknown command.
It was a potion of mutation.
You feel extremely strange.
Your teeth lengthen and sharpen.
You feel yourself wasting away.
You feel agile.
* * * LOW HITPOINT WARNING * * *
You feel sick.
Unknown command.
Unknown command.
* * * LOW HITPOINT WARNING * * *
You feel sick.
* * * LOW HITPOINT WARNING * * *
You feel sick.
* * * LOW HITPOINT WARNING * * *
You feel sick.
* * * LOW HITPOINT WARNING * * *
You feel sick.
You are no longer poisoned.
(D) Dungeon
Where to? (Enter - D:12, ? - help)
What level of the Dungeon? (default 1, ? - help)
You enter the shallow water.
Moving in this stuff is going to be slow.
There is a stone staircase leading up here.
You climb upwards.
There is a stone staircase leading down here.
You see here a +0 short sword.
There is a stone staircase leading up here.
You climb upwards.
There is a stone staircase leading down here.
There is a staircase leading out of the dungeon here.
Are you sure you want to leave the Dungeon?
This will make you lose the game!
You have escaped!

.......# ###...#####.###.......
####.#######...........)......#..
####.........#.....#...).........
....รท).###...##...##...##........
.............###.###....#..#####.
######.#..###.##.##.###.#....# #.
#.##..###.#.#.###..##.#.# #.
#.##...####.####........###.
#.##.......@................
#..#...####.####...#....####
#....(###.#.#.###........#
#.##.###.##.##.###.#####)#
#.##....###.###....# #.#
#.###...##...##...## #.#
#.......#.....#...# #.#
#######...........# #.#
##.#####.#..# #.#


There were no monsters in sight!

Vanquished Creatures
  An orc priest (D:3)
  An iguana (D:3)
  2 orc wizards (D:3)
  4 adders
  11 dart slugs
  5 orcs (D:3)
  7 endoplasms
  3 giant cockroaches
  7 goblins
  4 hobgoblins
  2 jackals (D:1)
  2 kobolds (D:1)
  2 quokkas
  9 ball pythons
  2 bats (D:2)
  7 rats
69 creatures vanquished.

Notes
Turn   | Place    | Note
-------+----------+-------------------------------------------
     0 | D:1      | Peloso the Minotaur Fighter began the quest for the Orb.
     0 | D:1      | Reached XP level 1. HP: 19/19 MP: 0/0
   196 | D:1      | Reached XP level 2. HP: 27/27 MP: 1/1
   885 | D:2      | Reached skill level 4 in Armour
   886 | D:2      | Reached XP level 3. HP: 33/33 MP: 2/2
  1195 | D:2      | Reached skill level 1 in Dodging
  1195 | D:2      | Reached XP level 4. HP: 30/40 MP: 3/3
  1619 | D:3      | Reached XP level 5. HP: 39/47 MP: 4/4
  1917 | D:3      | Reached skill level 5 in Armour
  1926 | D:3      | Gained mutation: You have very sharp teeth. [potion of
                  | mutation]
  1926 | D:3      | Gained mutation: Your body sometimes deteriorates upon
                  | taking damage. [potion of mutation]
  1926 | D:3      | Gained mutation: You are agile. (Dex +4, Str/Int -1)
                  | [potion of mutation]
  1928 | D:3      | HP: 2/47 [poisoned by a goblin]
  1988 | D:$      | Got out of the dungeon alive.

Illustrated notes

Levels and vault maps discovered:
D:1:      roderic_crossed_star, layout_loops_ring, minmay_misc_feat_five
D:2:      layout_loops_cross, minmay_cupped
D:3:      kennysheep_slugbush, layout_basic, lemuel_round_altar,
          nicolae_ashenzari_skybound, glass_columns_a, nrook_loot_triangle,
          uniq_crazy_yiuf_cottage, uniq_terence, uniq_natasha

Skill      XL: |  1  2  3  4  5 |
---------------+----------------+-----
Shields        | 4 |  4.6
Fighting       | 4 |  4.4
Armour         | 4 5 |  5.0
Long Blades    | 3 4 |  4.2
Dodging        | 1 |  1.6
Stealth        | |  0.2

Action                     |  1- 3 |  4- 6 || total
---------------------------+-------+-------++-------
  Melee: Long sword        |   103 |    75 ||   178
         Headbutt          |    13 |    10 ||    23
    Use: Potion            |     3 |     3 ||     6
         Scroll            |       |     3 ||     3
 Armour: Scale mail        |    45 |    31 ||    76
  Dodge: Dodged            |    48 |    42 ||    90
  Block: Buckler           |    30 |    17 ||    47
